 Dungeon Sprint DCSS version 0.21-a0-104-g7b58145 (webtiles) character file.

2704 Kidiri the Covert (level 9, -19/47 HPs)
             Began as a Spriggan Enchanter on July 6, 2017.
             Was a Believer of Dithmenos.
             Demolished by a tentacle (26 damage)
             ... attached to a kraken
             ... in the Dungeon (Sprint II: "The Violet Keep of Menkaure").
             The game lasted 00:14:44 (1219 turns).

Kidiri the Covert (Spriggan Enchanter)              Turns: 1219, Time: 00:14:45

Health: -19/47     AC:  3    Str:  4    XL:     9   Next: 39%
Magic:  8/25       EV: 32    Int: 20    God:    Dithmenos [**....]
Gold:   171        SH:  0    Dex: 24    Spells: 18/30 levels left

rFire    . . .     SeeInvis +   a - +2 dagger
rCold    . . .     Gourm    .   (shield restricted)
rNeg     . . .     Faith    .   b - +1 robe
rPois    .         Spirit   .   (helmet restricted)
rElec    .         Reflect  .   (no cloak)
rCorr    .         Harm     .   (gloves unavailable)
MR       ++...     NoTele   +   (boots unavailable)
Stlth    ++++++++..             l - amulet of regeneration
HPRegen  0.55/turn              i - +4 ring of dexterity
MPRegen  0.19/turn              k - ring "Atef" {MR+ Int+2 Dex+2}

@: wreathed by umbra, very quick
A: unfitting armour, see invisible, herbivore 3, speed 3, slow metabolism 2
a: Shadow Step, Renounce Religion


You were in the Dungeon.
You worshipped Dithmenos.
Dithmenos was pleased with you.
You were not hungry.

You visited 1 branch You collected 1159 gold pieces.
You spent 988 gold pieces at shops.

Inventory:

Hand Weapons
 a - a +2 dagger (weapon)
Armour
 b - a +1 robe (worn)
Jewellery
 i - a +4 ring of dexterity (left hand)
 k - the ring "Atef" (right hand) {MR+ Int+2 Dex+2}
   (You bought it in a shop in the Dungeon)

   [ring of intelligence]

   It affects your intelligence (+2).
   It affects your dexterity (+2).
   It affects your resistance to hostile enchantments.
 l - an amulet of regeneration (around neck)
 m - an uncursed ring of flight
 n - an uncursed ring of magical power
 o - an uncursed ring of poison resistance
 y - a +3 ring of intelligence
 D - an uncursed ring of magical power
Scrolls
 j - a scroll of blinking
 p - 2 scrolls of recharging {unknown}
 v - a scroll of fear {unknown}
 w - 2 scrolls of magic mapping {unknown}
 C - 3 scrolls of remove curse {unknown}
Potions
 f - a potion of heal wounds
 g - a potion of haste
 h - 5 potions of magic
 s - 2 potions of might
 x - 4 potions of flight {unknown}
 z - 3 potions of resistance
 A - 2 potions of cancellation
 B - a potion of curing
Books
 c - a book of Maledictions

   Spells                             Type                      Level
   a - Corona                         Hexes                        1
   b - Ensorcelled Hibernation        Hexes/Ice                    2
   c - Confuse                        Hexes                        3
   d - Tukima's Dance                 Hexes                        3
   e - Dazzling Spray                 Conjuration/Hexes            3
Comestibles
 d - 5 bread rations
 r - a royal jelly


   Skills:
 + Level 5.4 Fighting
 * Level 10.2 Short Blades
 + Level 4.7 Armour
 * Level 13.0 Dodging
 * Level 14.3 Stealth
 * Level 11.2 Spellcasting
 + Level 8.9 Hexes
 - Level 3.0 Invocations
 + Level 0.0 Evocations


You had 18 spell levels left.
You knew the following spells:

 Your Spells              Type           Power        Failure   Level  Hunger
a - Corona                Hex            #####..      1%          1    None
b - Ensorcelled Hibernat  Hex/Ice        ####..       1%          2    None
c - Confuse               Hex            #####...     1%          3    None
d - Tukima's Dance        Hex            #####...     1%          3    None
e - Dazzling Spray        Conj/Hex       ####..       3%          3    None


Dungeon Overview and Level Annotations

Branches:
Dungeon (1/1)

Altars:
Cheibriados
Dithmenos
Elyvilon
Fedhas
Gozag
Hepliaklqana
Kikubaaqudgha
Makhleb
Nemelex Xobeh
Okawaru
Qazlal
Ru
Sif Muna
Trog
Uskayaw
Vehumet
Wu Jian
Xom
Yredelemnul
Zin
The Shining One
Beogh
Jiyva
Lugonu

Shops:
D :(([(?[==[!!%:[}

Annotations:
D exclusion: oklob plant, Roxanne


Innate Abilities, Weirdness & Mutations

You are very small and have problems with some larger weapons.
You are too small for most types of armour.
You have supernaturally acute eyesight. (SInv)
You are a herbivore.
You cover ground extremely quickly.
You need consume almost no food.


Message History

The tentacle slaps you! The tentacle completely misses you.
The tentacle closely misses you. The kraken misses you.
The tentacle completely misses you.
Casting: Dazzling Spray
Confirm with . or Enter, or press ? or * to list all spells.
Aiming: Dazzling Spray
Press: ? - help, Shift-Dir - straight line, f/p - tentacle
Aim: a tentacle (ink, water, lightly wounded, umbra)
The spray of energy hits the tentacle.
The tentacle is moderately wounded.
The spray of energy hits the tentacle.
The tentacle is moderately wounded.
The spray of energy hits the kraken.
The kraken is severely wounded.
The tentacle completely misses you. The tentacle slaps you!!
* * * LOW HITPOINT WARNING * * *
The kraken completely misses you. The tentacle closely misses you.
The tentacle slaps you!!
Ouch! That really hurt!
You die...

#}:▓..(...[.▓▓
.##.#)"▓......=.▓▓
...####▓)...(.%.▓▓
#..##)#▓...(%..(▓▓
+..#††#▓[.[)(..[▓▓
#..#..#▓....(.([▓▓
#.^##.#▓.[..).(.▓▓
##...##▓▓▓▓▓▓▓'▓▓▓▓+▓
.≈≈≈≈≈≈≈≈≈≈≈§§..@Xw≈▓
§§#+########+###www≈▓
.§#._._._..#≈≈≈##§§≈▓
.≈#.._._._.#§≈≈≈####▓▓
≈≈#._._._._#§≈≈§§##$$#
≈≈#_._._._.#≈§§§§≈#$T#
≈§#._._._..#§§§§§≈+$$+
§§#_._._...#§§§§≈≈#
≈≈#._._....#≈≈§§§§▓


You could see a kraken and 4 tentacles.

Vanquished Creatures
  A merfolk siren (D)
  A yaktaur (D)
  2 tyrant leeches (D)
  A hornet (D)
  A blink frog (D)
  3 polar bears (D)
  2 hippogriffs (D)
  Menkaure (D)
  3 crocodiles (D)
  4 worker ants (D)
19 creatures vanquished.

Vanquished Creatures (others)
  A crocodile (D)
  8 tentacles (D)
9 creatures vanquished.

Grand Total: 28 creatures vanquished

Notes
Turn   | Place    | Note
-------+----------+-------------------------------------------
     0 | D        | Kidiri the Spriggan Enchanter began the quest for the Orb.
     0 | D        | Reached XP level 1. HP: 9/9 MP: 5/5
     3 | D        | Noticed a merfolk siren
     6 | D        | Noticed a tyrant leech
     6 | D        | Noticed a tyrant leech
     9 | D        | Noticed a hippogriff
     9 | D        | Noticed a hippogriff
    12 | D        | Noticed a worker ant
    12 | D        | Noticed a worker ant
    12 | D        | Noticed a worker ant
    12 | D        | Noticed a worker ant
    15 | D        | Killed a worker ant
    15 | D        | Reached skill level 1 in Fighting
    15 | D        | Reached skill level 5 in Stealth
    15 | D        | Reached XP level 2. HP: 13/14 MP: 5/7
    21 | D        | Reached skill level 1 in Armour
    21 | D        | Reached skill level 5 in Dodging
    21 | D        | Reached skill level 6 in Stealth
    21 | D        | Reached XP level 3. HP: 7/18 MP: 5/9
    25 | D        | Reached XP level 4. HP: 5/23 MP: 5/11
    34 | D        | Reached skill level 7 in Stealth
    34 | D        | Reached skill level 5 in Spellcasting
    35 | D        | HP: 1/34 [poisoned by a worker ant]
    43 | D        | Learned a level 2 spell: Ensorcelled Hibernation
    47 | D        | Learned a level 3 spell: Confuse
    51 | D        | Learned a level 3 spell: Tukima's Dance
    55 | D        | Learned a level 3 spell: Dazzling Spray
   112 | D        | Killed a crocodile
   286 | D        | Noticed Menkaure
   287 | D        | Noticed an obsidian statue
   311 | D        | Killed Menkaure
   311 | D        | Reached skill level 5 in Short Blades
   311 | D        | Reached skill level 8 in Stealth
   311 | D        | Reached skill level 5 in Hexes
   311 | D        | Reached XP level 5. HP: 27/27 MP: 9/14
   331 | D        | Killed a hippogriff
   331 | D        | Reached skill level 10 in Stealth
   331 | D        | Reached XP level 6. HP: 32/32 MP: 7/17
   334 | D        | Killed a hippogriff
   334 | D        | Reached XP level 7. HP: 36/36 MP: 5/19
   435 | D        | Killed a merfolk siren
   435 | D        | Reached skill level 10 in Dodging
   435 | D        | Reached skill level 11 in Stealth
   523 | D        | Killed a tyrant leech
   523 | D        | Reached skill level 12 in Stealth
   523 | D        | Reached XP level 8. HP: 42/42 MP: 19/22
   529 | D        | Found Avisiuda's Armour Emporium.
   530 | D        | Found Cism's Antique Armour Shoppe.
   530 | D        | Found Buirempaenn's Jewellery Emporium.
   530 | D        | Found Guomexkoi's Antique Weapon Shoppe.
   530 | D        | Found Voxidono's Jewellery Shoppe.
   530 | D        | Found Nompuics's Distillery.
   530 | D        | Found Veclonump's Antique Armour Emporium.
   530 | D        | Found Qobai's Book Shoppe.
   530 | D        | Found Kutou's Antique Armour Emporium.
   530 | D        | Found Gepeti's Gadget Shoppe.
   530 | D        | Found Qasi's Distillery.
   543 | D        | Killed a tyrant leech
   563 | D        | Noticed Roxanne
   569 | D        | Found Zekaehad's Food Shoppe.
   571 | D        | Noticed a blink frog
   573 | D        | Killed a blink frog
   573 | D        | Reached skill level 10 in Spellcasting
   578 | D        | Found Ockaill's Magic Scroll Emporium.
   581 | D        | Found Jeoppo's Weapon Shoppe.
   581 | D        | Found Kaargh's Antique Weapon Emporium.
   586 | D        | Noticed an oklob plant
   587 | D        | Found Iclil's Book Shoppe.
   588 | D        | Noticed a slime creature
   589 | D        | Noticed a slime creature
   589 | D        | Noticed a slime creature
   628 | D        | Bought a +4 ring of dexterity for 270 gold pieces
   628 | D        | Bought the ring "Atef" {MR+ Int+2 Dex+2} for 243 gold pieces
   628 | D        | Bought an uncursed amulet of regeneration for 300 gold pieces
   662 | D        | Found a glowing silver altar of Zin.
   663 | D        | Found a glowing golden altar of the Shining One.
   663 | D        | Found a basalt altar of Yredelemnul.
   663 | D        | Found a hide-covered altar of Uskayaw.
   664 | D        | Found a shimmering altar of Xom.
   664 | D        | Found a bloodstained altar of Trog.
   665 | D        | Found an ornate altar of the Wu Jian Council.
   665 | D        | Found a deep blue altar of Sif Muna.
   665 | D        | Found a corrupted altar of Lugonu.
   665 | D        | Found a radiant altar of Vehumet.
   665 | D        | Found a burning altar of Makhleb.
   666 | D        | Found a sacrificial altar of Ru.
   666 | D        | Found an ancient bone altar of Kikubaaqudgha.
   666 | D        | Found a white marble altar of Elyvilon.
   667 | D        | Found a stormy altar of Qazlal.
   667 | D        | Found a viscous altar of Jiyva.
   667 | D        | Found a shadowy altar of Dithmenos.
   668 | D        | Found a hazy altar of Hepliaklqana.
   668 | D        | Found a snail-covered altar of Cheibriados.
   670 | D        | Found a roughly hewn altar of Beogh.
   670 | D        | Found a sparkling altar of Nemelex Xobeh.
   670 | D        | Found a blossoming altar of Fedhas.
   670 | D        | Noticed a hornet
   670 | D        | Noticed a polar bear
   671 | D        | Found an opulent altar of Gozag.
   671 | D        | Found an iron altar of Okawaru.
   671 | D        | Noticed a yaktaur
   677 | D        | Became a worshipper of Dithmenos the Shadowed
   687 | D        | Noticed a polar bear
   687 | D        | Noticed a polar bear
   688 | D        | Killed a polar bear
   688 | D        | Reached skill level 13 in Stealth
   688 | D        | Reached skill level 1 in Invocations
   690 | D        | Killed a hornet
   691 | D        | Killed a polar bear
   691 | D        | Reached * piety under Dithmenos
   691 | D        | Reached skill level 5 in Fighting
   691 | D        | Reached XP level 9. HP: 47/47 MP: 24/24
   693 | D        | Killed a yaktaur
   694 | D        | Killed a polar bear
   694 | D        | Reached skill level 10 in Short Blades
   694 | D        | Reached skill level 14 in Stealth
   783 | D        | Bought an uncursed ring of flight for 175 gold pieces
   907 | D        | Noticed a kraken
   914 | D        | Reached ** piety under Dithmenos
   970 | D        | Noticed a deep troll
  1219 | D        | Demolished by a tentacle

Vault maps used:
D:        the_violet_keep_of_menkaure

Skill      XL: |  1  2  3  4  5  6  7  8  9 |
---------------+----------------------------+-----
Fighting       | 1 2 3 4 5 |  5.4
Short Blades   | 2 3 5 6 7 8 9 10 | 10.2
Dodging        | 4 5 7 9 11 12 13 | 13.0
Stealth        | 5 6 8 10 12 13 14 | 14.3
Spellcasting   | 3 4 6 7 8 9 10 11 | 11.2
Hexes          | 4 5 6 7 8 |  8.9
Armour         | 1 2 3 4 |  4.7
Invocations    | 1 3 |  3.0

Action                   |  1- 3 |  4- 6 |  7- 9 || total
-------------------------+-------+-------+-------++-------
Melee: Dagger            |    12 |    13 |    18 ||    43
 Cast: Ensorcelled Hiber |       |     7 |    15 ||    22
       Confuse           |       |     1 |     2 ||     3
       Tukima's Dance    |       |       |     2 ||     2
       Dazzling Spray    |       |       |     3 ||     3
 Abil: Evoke Flight      |       |       |     2 ||     2
  Use: Potion            |     1 |     1 |       ||     2
       Scroll            |       |       |     8 ||     8
 Stab: Confused          |       |     1 |     2 ||     3
       Sleeping          |       |     2 |    12 ||    14
Dodge: Dodged            |     2 |    13 |    20 ||    35
